 Dungeon Crawl Stone Soup version 0.32-a0-876-gcfddb08e57 (webtiles) character file.

Game seed: 5097783669265888976

38 Autsider the Magician (level 3, 0/19 HPs)
             Began as a Deep Elf Hedge Wizard on Mar 31, 2024.
             Succumbed to an adder's poison
             ... on level 3 of the Dungeon.
             The game lasted 00:03:21 (1634 turns).

Autsider the Magician (Deep Elf Hedge Wizard)       Turns: 1634, Time: 00:03:22

Health: 0/19       AC:  2    Str:  7    XL:     3   Next: 25%
Magic:  4/10       EV: 11    Int: 20    God:
Gold:   77         SH:  0    Dex: 14    Spells: 7/10 levels left

rFire   . . .        (no weapon)
rCold   . . .        (no shield)
rNeg    . . .        b - +0 robe
rPois   .            c - +0 hat
rElec   .            (no cloak)
rCorr   .            (no gloves)
SInv    .            (no boots)
Will    .....        (no amulet)
Stlth   ++           (no ring)
HPRegen 0.23/turn    (no ring)
MPRegen 0.12/turn

%: no passive effects
@: lethally poisoned (0 -> -6)
A: no striking features
a: no special abilities


You were on level 3 of the Dungeon.
You visited 1 branch of the dungeon, and saw 3 of its levels.

You collected 77 gold pieces.

Inventory:

Armour
 b - a +0 robe (worn)
 c - a +0 hat (worn)
Jewellery
 f - a +6 ring of strength
 j - a ring of see invisible
Scrolls
 g - a scroll of immolation {unknown}
 h - 3 scrolls of identify {unknown}
 k - a scroll of teleportation {unknown}
Potions
 a - a potion of resistance {unknown}
 d - a potion of magic
 e - a potion of lignification {unknown}
 i - a potion of heal wounds {unknown}


   Skills:
 - Level 2.4 Dodging
 - Level 2.4 Stealth
 - Level 4.4 Spellcasting
 * Level 3.0 Conjurations
 + Level 2.2 Summonings
 - Level 1.1 Translocations


You had 7 spell levels left.
You knew the following spells:

 Your Spells              Type           Power      Damage    Failure   Level
a - Magic Dart            Conj           64%        1d6       3%          1
A - Call Imp              Summ           26%        N/A       8%          2

Your spell library contained the following spells:

 Spells                   Type           Power      Damage    Failure   Level
 Slow                     Hex            16%        N/A       12%         1
 Blink                    Tloc           16%        N/A       12%         2
 Cigotuvi's Dreadful Rot  Necr/Alch/Air  8%         N/A       19%         2
 Ensorcelled Hibernation  Hex/Ice        8%         N/A       19%         2
 Mephitic Cloud           Conj/Alch/Air  8%         N/A       24%         3
 Passwall                 Erth           4%         N/A       36%         3
 Swiftness                Air            4%         N/A       36%         3


Dungeon Overview and Level Annotations

Branches:
Dungeon (3/15)

Altars:

Shops:
D:1 [

Annotations:
D:2 1 runed translucent door, exclusions: goblin and 1 more exclusion, Crazy Yiuf, Robin


Message History

The adder attacks as it pursues you! The adder barely misses you.
The adder barely misses you. The bat barely misses you.
The bat attacks as it pursues you! The bat closely misses you.
The bat hits you but does no damage. The bat completely misses you.
The bat hits you. The adder attacks as it pursues you!
The adder barely misses you. Robin throws the goblin at you! The bat hits you.
* * * LOW HITPOINT WARNING * * *
The goblin hits you with a +0 dagger.
* * * LOW HITPOINT WARNING * * *
The goblin hits you with a +0 dagger.
* * * LOW HITPOINT WARNING * * *
The adder barely misses you. The bat hits you.
* * * LOW HITPOINT WARNING * * *
The adder attacks as it pursues you! The adder bites you.
* * * LOW HITPOINT WARNING * * *
The goblin hits you with a +0 dagger.
* * * LOW HITPOINT WARNING * * *
The goblin attacks as it pursues you! The goblin hits you with a +0 dagger.
* * * LOW HITPOINT WARNING * * *
The adder bites you.
* * * LOW HITPOINT WARNING * * *
The bat hits you but does no damage.
There is a stone staircase leading down here.
The bat hits you but does no damage. The adder misses you.
You climb downwards.
Found an escape hatch in the floor.
There is a stone staircase leading up here.
Casting: Magic Dart (safe; 3% risk of failure)
Confirm with . or Enter, or press ? or * to list all spells.
A tiny devil pulls itself out of the air.
The adder barely misses you. The adder bites you.
* * * LOW HITPOINT WARNING * * *
You are lethally poisoned!
The adder poisons you! The adder closely misses you.
Your cerulean imp hits the adder from afar with a -3 spear.
You die...

#..# #..# #..#
#..# #..#
#..#### ##
#..#####5###.#
.......@.#
#.########


You could see an adder (ally target) and a friendly cerulean imp (summoned).

Vanquished Creatures
  3 dart slugs (D:1)
  5 ball pythons
  3 endoplasms (D:1)
  A giant cockroach (D:1)
  5 goblins (D:1)
  3 hobgoblins
  2 kobolds (D:1)
  3 bats (D:1)
  4 rats
29 creatures vanquished.

Notes
Turn   | Place    | Note
-------+----------+-------------------------------------------
     0 | D:1      | Autsider the Deep Elf Hedge Wizard began the quest for the
                  | Orb.
     0 | D:1      | Reached XP level 1. HP: 10/10 MP: 7/7
   276 | D:1      | Reached XP level 2. HP: 15/15 MP: 5/9
   358 | D:1      | Found Vala's Armour Boutique.
   411 | D:1      | Learned a level 2 spell: Call Imp
   919 | D:1      | Reached XP level 3. HP: 19/19 MP: 6/10
  1487 | D:2      | Found a faded altar of an unknown god.
  1523 | D:2      | Found a runed translucent door.
  1524 | D:2      | Noticed Crazy Yiuf
  1566 | D:2      | Noticed Robin
  1634 | D:3      | Succumbed to an adder's poison

Illustrated notes

Levels and vault maps discovered:
D:1:      kilobyte_arrival_exit_the_forest, layout_basic, serial_shops,
          nicolae_shop_crystal, hangedman_decor_diamond_cutter, corner_web_ring,
          chequers_decorated_corner
D:2:      layout_loops_cross, shapermc_ecumenical_altar_ellora,
          chequers_serial_rivers_small_b, uniq_robin, uniq_crazy_yiuf_cottage
D:3:      layout_loops_ring, slow_altar_2, mainiacjoe_overflow_cross_hatched,
          nrook_mini_backslash, nrook_campfire, uniq_grinder, uniq_natasha

Skill      XL: |  1  2  3 |
---------------+----------+-----
Conjurations   | 2 3 |  3.0
Summonings     | 2 |  2.2
Dodging        | |  2.4
Stealth        | |  2.4
Spellcasting   | |  4.4
Translocations | |  1.1

Action                     || total
---------------------------++-------
  Melee: Unarmed           ||     1
   Cast: Magic Dart        ||    70
         Call Imp          ||     1
 Armour: Robe              ||    20
  Dodge: Dodged            ||    20

Table legend: (Time is in decaauts)
 A = Elapsed time spent in this place.
 B = Non-inter-level travel time spent in this place.
 C = Inter-level travel time spent in this place.
 D = Time resting spent in this place.
 E = Time spent auto-exploring this place.
 F = Levels seen in this place.
 G = Mean time per level.
                   A        B        C        D        E       F      G
               +--------+--------+--------+--------+--------+-----+--------+
         Total |   1639 |   1613 |     26 |    120 |   1322 |   3 |  546.3 |
       Dungeon |   1639 |   1613 |     26 |    120 |   1322 |   3 |  546.3 |
               +--------+--------+--------+--------+--------+-----+--------+

Top non-repeatable levels by time:
     D:1: 1438 daAuts
     D:2: 198 daAuts
     D:3: 2 daAuts
